 Dungeon Crawl Stone Soup version 0.31-a0-1388-g4b2ba238e7 (webtiles) character file.

Game seed: 807344101944309261

299 timneilson the Shield-Bearer (level 6, -5/38 HPs)
             Began as a Gargoyle Fighter on Dec 25, 2023.
             Killed by nerve-wracking pain
             ... invoked by Grinder
              (7 damage)
             ... on level 3 of the Dungeon.
             The game lasted 00:04:35 (1897 turns).

timneilson the Shield-Bearer (Gargoyle Fighter)     Turns: 1897, Time: 00:04:36

Health: -5/38      AC: 14    Str: 19    XL:     6   Next: 36%
Magic:  6/6        EV:  8    Int:  9    God:
Gold:   149        SH:  5    Dex: 11    Spells: 5/5 levels left

rFire   . . .        a - +1 long sword
rCold   . . .        c - +0 buckler
rNeg    + . .        d - +0 chain mail
rPois   ∞            (no helmet)
rElec   +            (no cloak)
rCorr   .            (no gloves)
SInv    .            (no boots)
Will    .....        (no amulet) Stlth
                     (no ring)
HPRegen 0.26/turn    (no ring)
MPRegen 0.10/turn

%: no passive effects
@: no status effects
A: sickness immunity, AC +4, negative energy resistance 1, electricity
resistance, torment resistance 1, petrification resistance
a: no special abilities


You were on level 3 of the Dungeon.
You visited 1 branch of the dungeon, and saw 3 of its levels.

You collected 149 gold pieces.

Inventory:

Hand Weapons
 a - a +1 long sword (weapon)
Armour
 c - a +0 buckler (worn)
 d - a +0 chain mail (worn)
 l - a +0 plate armour
Scrolls
 f - a scroll of poison
 m - a scroll of blinking
Potions
 b - a potion of curing {unknown}
 g - a potion of lignification
 h - 2 potions of attraction {unknown}
 j - a potion of brilliance {unknown}


   Skills:
 + Level 4.1 Fighting
 * Level 3.2 Long Blades
 * Level 4.7 Armour
 + Level 1.3 Dodging
 * Level 4.8 Shields


You had 5 spell levels left.
You didn't know any spells.
Your spell library contained the following spells:

 Spells                   Type           Power      Damage    Failure   Level
 Tukima's Dance           Hex            0%         N/A       100%        3
 Dimensional Bullseye     Hex/Tloc       0%         N/A       100%        4
 Iskenderun's Mystic Bla  Conj/Tloc      0%         2d3       100%        4


Dungeon Overview and Level Annotations

Branches:
Dungeon (3/15)

Altars:
Fedhas

Annotations:
D:3 Grinder


Innate Abilities, Weirdness & Mutations

You are immune to sickness and miasma.
Your stone body is resilient. (AC +4)
You are immune to poison.
You resist negative energy. (rN+)
You are resistant to electric shocks. (rElec)
You are resistant to unholy torment.
You are immune to petrification.


Message History

You hit Grinder.
Grinder is severely wounded.
Grinder gestures at you.
You barely resist. You hit Grinder.
Grinder is almost dead.
Grinder hits you but does no damage.
You closely miss Grinder.
Grinder is almost dead.
Grinder hits you.
You writhe in agony.
Grinder gestures at you.
You suddenly lose the ability to move!
Grinder hits you.
* * * LOW HITPOINT WARNING * * *
You writhe in agony.
* * * LOW HITPOINT WARNING * * *
You can move again.
Unknown command.
You closely miss Grinder.
Grinder is almost dead.
Grinder hits you.
* * * LOW HITPOINT WARNING * * *
You writhe in agony.
* * * LOW HITPOINT WARNING * * *
You hit Grinder but do no damage.
Grinder is almost dead.
Grinder blinks!
Found a blossoming altar of Fedhas.
Grinder hits you but does no damage.
You slash Grinder!
Grinder is almost dead.
Grinder gestures at you. Pain shoots through your body!
* * * LOW HITPOINT WARNING * * *
You closely miss Grinder.
Grinder is almost dead.
Grinder hits you but does no damage. Grinder gestures at you.
Pain shoots through your body!
You die...
Grinder sighs, "Dead already?
I want a refund."

.......>....# #.
#.##.....#### ..
#.##....#######.#
#...............#
<............###
##..PPPPPPP..#
#...PPPPPP...#
#...PP.......#
....PP......@#
##..PP..####5#
#..PP..# ..#
..PP.. _... ..
..... .....##
..##### ..#


You could see Grinder.

Vanquished Creatures
  Sigmund (D:2)
  7 gnolls
  2 dart slugs
  A worm (D:2)
  5 ball pythons
  8 endoplasms
  3 giant cockroaches
  3 goblins
  2 hobgoblins
  10 jackals
  A quokka (D:1)
  5 bats
  5 frilled lizards
  6 kobolds
  2 rats
61 creatures vanquished.

Notes
Turn   | Place    | Note
-------+----------+-------------------------------------------
     0 | D:1      | timneilson the Gargoyle Fighter began the quest for the
                  | Orb.
     0 | D:1      | Reached XP level 1. HP: 14/14 MP: 1/1
   165 | D:1      | Reached XP level 2. HP: 16/19 MP: 2/2
   398 | D:1      | Reached XP level 3. HP: 18/23 MP: 3/3
   776 | D:2      | Noticed Sigmund
   869 | D:1      | Reached XP level 4. HP: 19/28 MP: 4/4
  1014 | D:2      | Killed Sigmund
  1015 | D:2      | Reached skill level 1 in Dodging
  1015 | D:2      | Reached XP level 5. HP: 23/33 MP: 5/5
  1015 | D:2      | Reached XP level 6. HP: 26/38 MP: 6/6
  1876 | D:3      | Noticed Grinder
  1890 | D:3      | Paralysed by Grinder for 2 turns
  1895 | D:3      | Found a blossoming altar of Fedhas.
  1897 | D:3      | Killed from afar by Grinder

Illustrated notes

Levels and vault maps discovered:
D:1:      minmay_arrival_open_corners, layout_basic, minmay_vboxes
D:2:      layout_loops_ring, minmay_3d_cube, uniq_sigmund
D:3:      due_chaos_kobolds, layout_loops_corners, mainiacjoe_overflow_chevrons,
          minmay_misc_feat_rows, uniq_terence, uniq_natasha, uniq_grinder

Skill      XL: |  1  2  3  4 |
---------------+-------------+-----
Long Blades    | 2 3 |  3.2
Shields        | 4 |  4.8
Fighting       | 4 |  4.1
Armour         | 4 |  4.7
Dodging        | 1 |  1.3

Action                     |  1- 3 |  4- 6 || total
---------------------------+-------+-------++-------
  Melee: Long sword        |   113 |    94 ||   207
    Use: Scroll            |     5 |     3 ||     8
         Potion            |       |     1 ||     1
 Armour: Scale mail        |   113 |    21 ||   134
         Chain mail        |       |    48 ||    48
         Skin              |       |     1 ||     1
  Dodge: Dodged            |    80 |    38 ||   118
  Block: Buckler           |    42 |    16 ||    58

Table legend: (Time is in decaauts)
 A = Elapsed time spent in this place.
 B = Non-inter-level travel time spent in this place.
 C = Inter-level travel time spent in this place.
 D = Time resting spent in this place.
 E = Time spent auto-exploring this place.
 F = Levels seen in this place.
 G = Mean time per level.
                   A        B        C        D        E       F      G
               +--------+--------+--------+--------+--------+-----+--------+
         Total |   1965 |   1894 |     71 |    149 |   1157 |   3 |  655.0 |
       Dungeon |   1965 |   1894 |     71 |    149 |   1157 |   3 |  655.0 |
               +--------+--------+--------+--------+--------+-----+--------+

Top non-repeatable levels by time:
     D:2: 989 daAuts
     D:1: 880 daAuts
     D:3: 95 daAuts
